 Dungeon Crawl Stone Soup version 0.31-a0-986-g5e6e4ef867 (webtiles) character file.

Game seed: 10996760204429533780

1188 Frost42 the Conjurer (level 8, -1/57 HPs)
             Began as a Red Draconian Conjurer on Nov 14, 2023.
             Slain by Duvessa
             ... wielding a +0 short sword
              (14 damage)
             ... on level 5 of the Dungeon on Nov 15, 2023.
             The game lasted 00:32:04 (4994 turns).

Frost42 the Conjurer (Red Draconian Conjurer)       Turns: 4994, Time: 00:32:05

Health: -1/57      AC:  9    Str:  9    XL:     8   Next: 19%
Magic:  7/15       EV: 13    Int: 21    God:
Gold:   234        SH:  0    Dex: 10    Spells: 9/16 levels left

rFire   + . .        m - +2 war axe (elec)
rCold   . . .        (no shield)
rNeg    . . .        (body armour unavailable)
rPois   .            (helmet restricted)
rElec   .            (no cloak)
rCorr   .            r - +2 pair of gloves
SInv    .            (no boots)
Will    +....        (no amulet)
Stlth   +++          n - ring of willpower
HPRegen 0.29/turn    (no ring)
MPRegen 0.14/turn

%: no passive effects
@: short of breath
A: breathe fire, AC +6, unfitting armour, fire resistance 1, cold-blooded
a: Breathe Fire


You were on level 5 of the Dungeon.
You visited 1 branch of the dungeon, and saw 5 of its levels.

You collected 234 gold pieces.

Inventory:

Hand Weapons
 h - a +2 dagger of venom
 m - a +2 war axe of electrocution (weapon)
Missiles
 f - 21 stones (quivered)
Armour
 r - a +2 pair of gloves (worn)
Jewellery
 n - a ring of willpower (left hand)
Scrolls
 c - a scroll of enchant weapon {unknown}
 d - a scroll of fear {unknown}
 e - a scroll of revelation
 i - a scroll of immolation {unknown}
 j - a scroll of teleportation
 k - a scroll of poison {unknown}
 l - a scroll of blinking {unknown}
 p - a scroll of amnesia {unknown}
Potions
 a - a potion of magic
 b - a potion of curing {unknown}
 g - a potion of lignification
 o - a potion of resistance {unknown}
 q - a potion of enlightenment {unknown}
 t - a potion of degeneration {unknown}


   Skills:
 + Level 4.7 Dodging
 + Level 5.1 Stealth
 + Level 4.8 Spellcasting
 + Level 6.3 Conjurations


You had 9 spell levels left.
You knew the following spells:

 Your Spells              Type           Power      Damage    Failure   Level
a - Magic Dart            Conj           100%       1d8       1%          1
b - Searing Ray           Conj           62%        2d6       1%          2
c - Summon Small Mammal   Summ           20%        N/A       11%         1
d - Dazzling Flash        Conj/Hex       36%        N/A       9%          3

Your spell library contained the following spells:

 Spells                   Type           Power      Damage    Failure   Level
 Fulminant Prism          Conj/Hex       9%         3d7       30%         4
 Iskenderun's Mystic Bla  Conj/Tloc      18%        2d6       30%         4
 Call Canine Familiar     Summ           5%         N/A       32%         3
 Summon Guardian Golem    Hex/Summ       5%         N/A       32%         3
 Summon Lightning Spire   Summ/Air       5%         N/A       73%         4
 Agony                    Necr           5%         N/A       97%         5
 Lee's Rapid Deconstruct  Erth           2%         3d5*      97%         5
 Silence                  Hex/Air        2%         N/A       97%         5
 Animate Armour           Summ/Erth      Unusable   N/A       N/A         4

Dungeon Overview and Level Annotations

Branches:
Dungeon (5/15)
 Temple: D:4-7

Altars:
Cheibriados
Uskayaw

Annotations:
D:5 Duvessa


Innate Abilities, Weirdness & Mutations

You can breathe blasts of fire.
Your fiery red scales are hard. (AC +6)
You cannot fit into any form of body armour.
Your flesh is heat resistant. (rF+)
You are cold-blooded and may be slowed by cold attacks.


Message History

The ufetubus hits you but does no damage.
The ufetubus closely misses you. The ufetubus slips past you!
The ufetubus hits you but does no damage.
The ufetubus closely misses you.
Casting: Searing Ray (safe; 1% risk of failure)
Confirm with . or Enter, or press ? or * to list all spells.
Aiming: Searing Ray (safe; 1% risk of failure)
Press: ? - help, Shift-Dir - straight line, f - Duvessa
Aim: Duvessa, wielding a +0 short sword and wearing a +0 leather armour (heavily wounded, fast, blind, 82% to hit)
The searing ray hits Duvessa!
Duvessa is severely wounded. (Press . to maintain the ray.)
The ufetubus closely misses you. The ufetubus misses you.
Casting: Searing Ray (safe; 1% risk of failure)
Confirm with . or Enter, or press ? or * to list all spells.
Restarting spell: Searing Ray (safe; 1% risk of failure)
Press: ? - help, Shift-Dir - straight line, f/p - Duvessa
Aim: Duvessa, wielding a +0 short sword and wearing a +0 leather armour (severely wounded, wandering, fast, blind, hasn't noticed you, 82% to hit)
The searing ray misses Duvessa. (Press . to maintain the ray.) Duvessa is no longer blind.
The ufetubus is no longer blind.
The ufetubus closely misses you.
The ufetubus hits you but does no damage.
The ufetubus hits you. The ufetubus barely misses you.
The ufetubus slips past you! The ufetubus misses you.
The ufetubus hits you but does no damage. x2
The ufetubus closely misses you.
You hit Duvessa.
Duvessa is almost dead.
You closely miss the ufetubus. You miss the ufetubus.
Duvessa goes berserk!
Duvessa hits you with a +0 short sword. The ufetubus closely misses you.
The ufetubus barely misses you. The ufetubus hits you.
The ufetubus hits you but does no damage.
Duvessa hits you with a +0 short sword!
* * * LOW HITPOINT WARNING * * *
The ufetubus hits you.
* * * LOW HITPOINT WARNING * * *
The ufetubus misses you. The ufetubus barely misses you.
The ufetubus misses you. Duvessa hits you with a +0 short sword!
You die...

...........##.#..#
.......".....>##.#########
.........)... #.........#
...........# #########.#
#..........# #.#
#..........#### #.#
..............# #.#
.........e....# #.#
............@....# #.#
...........5.5...##########.#
.................#..........#
..............####.##########
..............# #.#
.........#'#### #.#
............#### #.#
...............###.#
................##.#


You could see Duvessa (berserk, fast) and 2 ufetubi.

Vanquished Creatures
  The ghost of ytrimaz the Insei, an amateur DsSh (D:4)
  Sigmund (D:3)
  An ogre (D:4)
  3 phantoms (D:4)
  A water moccasin skeleton (D:4)
  Dowan (D:5)
  3 centaur zombies (D:4)
  2 orc priests
  An iguana (D:4)
  A scorpion zombie (D:4)
  3 hound zombies (D:4)
  A hound skeleton (D:4)
  3 adders
  2 worms (D:2)
  4 dart slugs
  11 orcs
  6 ball pythons
  7 bats
  5 endoplasms
  5 giant cockroaches
  A goblin (D:3)
  4 hobgoblins
  2 jackals (D:4)
  2 quokkas
  2 frilled lizards
  10 kobolds
  7 rats
90 creatures vanquished.

Vanquished Creatures (collateral kills)
  A bullfrog zombie (D:4)
  A hound zombie (D:4)
2 creatures vanquished.

Grand Total: 92 creatures vanquished

Notes
Turn   | Place    | Note
-------+----------+-------------------------------------------
     0 | D:1      | Frost42 the Draconian Conjurer began the quest for the Orb.
     0 | D:1      | Reached XP level 1. HP: 14/14 MP: 3/3
   123 | D:1      | Reached XP level 2. HP: 20/20 MP: 3/5
   204 | D:1      | You fall into a shaft and drop 1 floor!
   212 | D:2      | Found a hide-covered altar of Uskayaw.
   831 | D:1      | Reached XP level 3. HP: 26/26 MP: 4/6
  1214 | D:2      | Reached XP level 4. HP: 22/33 MP: 4/7
  2129 | D:3      | Learned a level 2 spell: Searing Ray
  2185 | D:3      | Noticed Sigmund
  2195 | D:3      | Killed Sigmund
  2196 | D:3      | Reached skill level 5 in Conjurations
  2196 | D:3      | Reached XP level 5. HP: 35/38 MP: 3/10
  2365 | D:3      | Reached XP level 6. HP: 44/45 MP: 11/11
  2401 | D:3      | Found a faded altar of an unknown god.
  3016 | D:4      | Noticed ytrimaz's ghost (amateur DsSh)
  3016 | D:4      | Found a runed translucent gate.
  3016 | D:4      | Found a runed translucent gate.
  3043 | D:4      | Found a runed translucent gate.
  3244 | D:4      | Your scales start taking on a fiery red colour.
  3244 | D:4      | Reached XP level 7. HP: 50/50 MP: 4/12
  3244 | D:4      | Gained mutation: Your flesh is heat resistant. (rF+) [Red
                  | Draconian growth]
  3407 | D:4      | Found a snail-covered altar of Cheibriados.
  3804 | D:4      | Learned a level 1 spell: Summon Small Mammal
  3813 | D:4      | Reached skill level 6 in Conjurations
  4120 | D:4      | Killed ytrimaz's ghost
  4121 | D:4      | Reached skill level 5 in Stealth
  4121 | D:4      | Reached XP level 8. HP: 43/57 MP: 7/15
  4164 | D:5      | Entered Level 5 of the Dungeon
  4286 | D:5      | HP: 1/57 [orc priest/divine providence (15)]
  4916 | D:5      | Learned a level 3 spell: Dazzling Flash
  4981 | D:5      | Noticed Dowan
  4982 | D:5      | Noticed Duvessa
  4989 | D:5      | Killed Dowan
  4994 | D:5      | Slain by Duvessa

Illustrated notes

Levels and vault maps discovered:
D:1:      matt_arrival_diagonals, layout_basic
D:2:      cheibrodos_pilgrimage, layout_rooms, basic_altar,
          minmay_misc_feat_doors
D:3:      layout_loops_ring, hellmonk_ecumenical_altar_inner_sanctum,
          wad_rectangle_vault, uniq_sigmund
D:4:      layout_loops_cross, kennysheep_little_box, serial_undead,
          serial_undead_d, serial_undead_a, serial_undead_d, serial_undead_c,
          serial_undead_f, serial_undead_a, ebering_ghost_rock_garden
D:5:      layout_basic, uniq_duvessa

Skill      XL: |  1  2  3  4  5  6  7 |
---------------+----------------------+-----
Stealth        | 2 3 4 5 |  5.1
Dodging        | 2 3 4 |  4.7
Spellcasting   | 3 4 |  4.8
Conjurations   | 5 6 |  6.3

Action                     |  1- 3 |  4- 6 |  7- 9 || total
---------------------------+-------+-------+-------++-------
  Melee: Unarmed           |    10 |       |       ||    10
         Whip              |    19 |       |       ||    19
         Tailslap          |     5 |    10 |     6 ||    21
         Dagger            |    21 |    20 |       ||    41
         Punch             |     1 |       |       ||     1
         War axe           |       |    47 |    46 ||    93
  Throw: Stone             |       |       |    16 ||    16
   Cast: Magic Dart        |    40 |    55 |    26 ||   121
         Searing Ray       |       |     3 |    21 ||    24
         Summon Small Mamm |       |       |     3 ||     3
         Dazzling Flash    |       |       |     1 ||     1
Ability: Breathe Fire      |       |       |     2 ||     2
    Use: Scroll            |       |     4 |     4 ||     8
         Potion            |       |       |     2 ||     2
   Stab: Sleeping          |       |     1 |       ||     1
 Armour: Skin              |    46 |    47 |   106 ||   199
  Dodge: Dodged            |    46 |    51 |   101 ||   198

Table legend: (Time is in decaauts)
 A = Elapsed time spent in this place.
 B = Non-inter-level travel time spent in this place.
 C = Inter-level travel time spent in this place.
 D = Time resting spent in this place.
 E = Time spent auto-exploring this place.
 F = Levels seen in this place.
 G = Mean time per level.
                   A        B        C        D        E       F      G
               +--------+--------+--------+--------+--------+-----+--------+
         Total |   5068 |   3915 |   1153 |      0 |   1269 |   5 | 1013.6 |
       Dungeon |   5068 |   3915 |   1153 |      0 |   1269 |   5 | 1013.6 |
               +--------+--------+--------+--------+--------+-----+--------+

Top non-repeatable levels by time:
     D:1: 1303 daAuts
     D:4: 1280 daAuts
     D:3: 1243 daAuts
     D:2: 1060 daAuts
     D:5: 180 daAuts
